 Dungeon Crawl Stone Soup version 0.21.1-1-g345015f (webtiles) character file.

24 Iko the Ducker (level 2, -9/16 HPs)
             Began as a Spriggan Chaos Knight on June 10, 2018.
             Killed from afar by an electric eel (13 damage)
             ... with a bolt of electricity
             ... on level 5 of the Dungeon.
             The game lasted 00:04:19 (323 turns).

Iko the Ducker (Spriggan Chaos Knight)               Turns: 323, Time: 00:04:21

Health: -9/16      AC:  4    Str:  8    XL:     2   Next: 79%
Magic:  3/3        EV: 19    Int: 13    God:    Xom [..*...]
Gold:   5          SH:  0    Dex: 15    Spells: 0/1 levels left

rFire    . . .     SeeInvis +   a - +1 falchion (chaos)
rCold    . . .     Gourm    .   (shield restricted)
rNeg     . . .     Faith    .   b - +2 robe
rPois    .         Spirit   .   (helmet restricted)
rElec    .         Reflect  .   (no cloak)
rCorr    .         Harm     .   (gloves unavailable)
MR       .....                  (boots unavailable)
Stlth    +.........             (no amulet)
HPRegen  0.05/turn              (no ring)
MPRegen  0.08/turn              (no ring)

@: very quick
A: very small, unfitting armour, see invisible, herbivore, speed 3, slow
metabolism 2
a: Renounce Religion


You were on level 5 of the Dungeon.
You worshipped Xom.
You were a toy of Xom.
You were not hungry.

You visited 1 branch of the dungeon, and saw 5 of its levels.

You collected 5 gold pieces.

Inventory:

Hand Weapons
 a - a +1 falchion of chaos (weapon)
Armour
 b - a +2 robe (worn)
Scrolls
 f - a scroll of remove curse
Potions
 d - a potion of heal wounds
Books
 e - a book of Cantrips

   Spells                             Type                      Level
   a - Confusing Touch                Hexes                        1
   b - Animate Skeleton               Necromancy                   1
   c - Summon Small Mammal            Summoning                    1
   d - Apportation                    Translocation                1
Comestibles
 c - a ration


   Skills:
 + Level 2.7 Fighting
 + Level 2.7 Long Blades
 + Level 4.2 Dodging


You couldn't memorise any spells.
You knew the following spells:

 Your Spells              Type           Power        Failure   Level  Hunger
a - Animate Skeleton      Necr           N/A          30%         1    ##.....


Dungeon Overview and Level Annotations

Branches:
Dungeon (5/15)
 Temple: D:4-7

Altars:
Yredelemnul

Annotations:
D:2 Robin


Innate Abilities, Weirdness & Mutations

You are very small and have problems with some larger weapons.
You are too small for most types of armour.
You have supernaturally acute eyesight. (SInv)
You are a herbivore.
You cover ground extremely quickly.
You need consume almost no food.


Message History

Found a scroll labeled EGRUFA ZOIX.
Found an escape hatch in the floor.
You feel a little less mighty now.
There is an escape hatch in the floor here.
g - a scroll labeled EGRUFA ZOIX
As you read the scroll labeled EGRUFA ZOIX, it crumbles to dust.
It is a scroll of enchant weapon.
Your +0 falchion of chaos glows red for a moment.
There is an escape hatch in the floor here.
You slide downwards.
The hatch slams shut behind you. 3 electric eels come into view.
Found four items.
The electric eel shoots out a bolt of lightning at you!
The bolt of electricity hits you!
Ouch! That really hurt!
* * * LOW HITPOINT WARNING * * *
The electric eel shoots out a bolt of lightning at you!
The bolt of electricity hits you!
Ouch! That really hurt!
You die...
Xom cackles wildly!

####
##+..##
#.....#
#.....#
#PP...#
#!PP.@#
#.≈?.≈#
#;;);≈#
##≈≈≈##
#####
.. ###


You could see 3 electric eels.

Vanquished Creatures
  A leopard gecko (D:3)
  2 bats
  A giant cockroach (D:1)
  3 goblins (D:3)
  4 hobgoblins
  4 jackals (D:3)
  2 kobolds
  A frilled lizard (D:1)
  A rat (D:1)
19 creatures vanquished.

Notes
Turn   | Place    | Note
-------+----------+-------------------------------------------
     0 | D:1      | Iko the Spriggan Chaos Knight began the quest for the Orb.
     0 | D:1      | Reached XP level 1. HP: 11/11 MP: 2/2
    99 | D:1      | You fall through a shaft!
    99 | D:2      | XOM: noise
   109 | D:2      | Noticed Robin
   114 | D:3      | Reached XP level 2. HP: 16/16 MP: 3/3
   154 | D:3      | Found a basalt altar of Yredelemnul.
   187 | D:3      | Reached skill level 4 in Dodging
   199 | D:3      | Learned a level 1 spell: Animate Skeleton
   212 | D:3      | XOM: divination: detect items
   321 | D:5      | Entered Level 5 of the Dungeon
   321 | D:5      | Noticed an electric eel
   321 | D:5      | Noticed an electric eel
   321 | D:5      | Noticed an electric eel
   323 | D:5      | Killed from afar by an electric eel

Skill      XL: |  1  2 |
---------------+-------+-----
Dodging        | 4 |  4.2
Fighting       | |  2.7
Long Blades    | |  2.7

Action                   || total
-------------------------++-------
Melee: Falchion          ||    42
  Use: Scroll            ||     5
       Potion            ||     3
 Stab: Sleeping          ||     1
Armor: Robe              ||     9
Dodge: Dodged            ||    49
       Rpst.: Falchion   ||    19
